 Dungeon Crawl Stone Soup version 0.29.1-4-g47bece8355 (webtiles) character file.

Game seed: 11771034775650481143

125 GigaChad the Slasher (level 4, -1/41 HPs)
             Began as a Minotaur Monk on Dec 9, 2022.
             Killed by divine providence
             ... invoked by an orc priest
              (12 damage)
             ... on level 3 of the Dungeon.
             The game lasted 00:03:23 (2338 turns).

GigaChad the Slasher (Minotaur Monk)                Turns: 2338, Time: 00:03:23

Health: -1/41      AC: 11    Str: 18    XL:     4   Next: 82%
Magic:  3/3        EV:  6    Int:  7    God:
Gold:   151        SH:  0    Dex: 12    Spells: 3/3 levels left

rFire   . . .      SeeInvis .   a - +0 falchion
rCold   . . .      Faith    .   (no shield)
rNeg    . . .      Spirit   .   g - +0 plate armour
rPois   .          Reflect  .   (helmet restricted)
rElec   .          Harm     .   (no cloak)
rCorr   .          Rampage  .   (no gloves)
Will    .....                   (no boots)
Stlth   ..........              (no amulet)
HPRegen 0.13/turn               (no ring)
MPRegen 0.08/turn               (no ring)

@: no status effects
A: horns 2, retaliatory headbutt
a: no special abilities


You were on level 3 of the Dungeon.
You visited 1 branch of the dungeon, and saw 3 of its levels.

You collected 151 gold pieces.

Inventory:

Hand Weapons
 a - a +0 falchion (weapon)
Armour
 b - a +0 robe
 g - a +0 plate armour (worn)
Jewellery
 q - a ring of protection from cold
Scrolls
 e - a scroll of magic mapping {unknown}
 h - 3 scrolls of identify {unknown}
 k - 2 scrolls of fear {unknown}
 n - a scroll of fog {unknown}
 o - a scroll of noise {unknown}
 r - a scroll of immolation {unknown}
Potions
 c - a potion of ambrosia
 d - 2 potions of haste {unknown}
 f - a potion of flight {unknown}
 i - 3 potions of might {unknown}
 j - a potion of curing {unknown}
 l - a potion of brilliance {unknown}
 m - a potion of invisibility {unknown}
 p - a potion of attraction {unknown}


   Skills:
 + Level 4.3 Fighting
 + Level 4.5 Long Blades
 * Level 3.1 Armour
 + Level 4.0 Dodging
 + Level 1.7 Stealth


You had 3 spell levels left.
You didn't know any spells.
Your spell library contained the following spells:

 Spells                   Type           Power      Damage    Failure   Level
 Sandblast                Erth           0%         2d4       100%        1
 Slow                     Hex            0%         N/A       100%        1
 Passwall                 Tmut/Erth      0%         N/A       100%        2
 Sublimation of Blood     Necr           0%         N/A       100%        2
 Confusing Touch          Hex            0%         N/A       100%        3
 Stone Arrow              Conj/Erth      0%         3d7       100%        3
 Summon Guardian Golem    Hex/Summ       0%         N/A       100%        3
 Vampiric Draining        Necr           0%         2d6       100%        3
 Petrify                  Tmut/Erth      0%         N/A       100%        4
 Irradiate                Conj/Tmut      0%         3d11      100%        5
 Orb of Destruction       Conj           0%         9d5       100%        7
 Spellforged Servitor     Conj/Summ      0%         N/A       100%        7


Dungeon Overview and Level Annotations

Branches:
Dungeon (3/15)

Altars:


Innate Abilities, Weirdness & Mutations

You have a pair of horns on your head.
You reflexively headbutt those who attack you in melee.


Message History

The orc priest shouts!
An orc comes into view. It is wielding a +0 dagger.
There are monsters nearby!
There are monsters nearby!
The orc shouts!
An orc comes into view. It is wielding a +0 club.
An orc wizard comes into view. It is wielding a +0 dagger.
The orc shouts!
The orc wizard casts a spell.
The orc wizard flickers and vanishes!
Deactivating autopickup; reactivate with Ctrl-A.
The orc hits you but does no damage.
You closely miss the orc.
The orc priest invokes the aid of Beogh against you.
Beogh smites you!
You miss something. Your headbutt misses something.
The orc hits you but does no damage.
You closely miss something. The orc hits you with a +0 club.
Something hits you.
You hit something but do no damage. Your headbutt misses something.
The orc hits you with a +0 club.
You hear some strange, mumbled words.
A puff of flame appears from out of thin air!
The puff of flame hits you!
The orc priest hits you but does no damage.
The orc hits you with a +0 dagger.
You barely miss something. The orc barely misses you.
You hear some strange, mumbled words.
Something tries to affect you, but you resist.
The orc priest hits you with a +0 whip. The orc hits you but does no damage.
You miss something. The orc hits you but does no damage.
Something hits you but does no damage.
The orc priest hits you but does no damage.
The orc barely misses you.
You hit something. The orc hits you with a +0 club.
* * * LOW HITPOINT WARNING * * *
Something hits you but does no damage.
The orc priest calls down the wrath of Beogh upon you.
Beogh smites you!
You die...

#############
##.....#.....#
#####.............
##...$.............. #
#.......<.)..!...... #
#....................
####............oo......
................@{......
.###.............o$.....
## #....................
###........†....#.....#
#...........###########
##.#.........#
...#.........#
.............#####
.####............##


You could see an orc priest and 2 orcs.

Vanquished Creatures
  4 adders
  4 gnolls (D:2)
  2 worms (D:2)
  A bat (D:1)
  2 endoplasms (D:1)
  4 giant cockroaches
  A goblin (D:2)
  A hobgoblin (D:3)
  4 jackals (D:3)
  6 quokkas
  6 ball pythons
  A frilled lizard (D:1)
  4 kobolds
  4 rats
44 creatures vanquished.

Notes
Turn   | Place    | Note
-------+----------+-------------------------------------------
     0 | D:1      | GigaChad the Minotaur Monk began the quest for the Orb.
     0 | D:1      | Reached XP level 1. HP: 19/19 MP: 0/0
   252 | D:1      | Found a faded altar of an unknown god.
   343 | D:1      | Reached XP level 2. HP: 26/27 MP: 1/1
   854 | D:2      | Reached skill level 1 in Armour
   854 | D:2      | Reached XP level 3. HP: 33/33 MP: 2/2
  1032 | D:2      | Reached XP level 4. HP: 14/40 MP: 3/3
  2338 | D:3      | Killed from afar by an orc priest

Illustrated notes

Levels and vault maps discovered:
D:1:      matt_arrival_los_fun, layout_rooms, chequers_ecumenical_altar_grove
D:2:      layout_loops_ring, kennysheep_generic_room_5
D:3:      layout_rooms

Skill      XL: |  1  2  3  4 |
---------------+-------------+-----
Long Blades    | 4 |  4.5
Armour         | 1 2 3 |  3.1
Fighting       | 4 |  4.3
Dodging        | 4 |  4.0
Stealth        | |  1.7

Action                   |  1- 3 |  4- 6 || total
-------------------------+-------+-------++-------
Melee: Falchion          |    59 |    69 ||   128
       Headbutt          |    11 |    10 ||    21
Armor: Plate armour      |    51 |    55 ||   106
       Robe              |     2 |       ||     2
Dodge: Dodged            |    29 |    22 ||    51
